 Dungeon Crawl Stone Soup version 0.28.0 (webtiles) character file.

Game seed: 16893817480242607025

353 freelancePsychic the Skirmisher (level 6, -4/72 HPs)
             Began as a Djinni Cinder Acolyte on Feb 4, 2022.
             Was a High Priest of Ignis.
             Slain by Menkaure (14 damage)
             ... on level 4 of the Dungeon.
             The game lasted 00:05:13 (3857 turns).

freelancePsychic the Skirmisher (DjCA)              Turns: 3857, Time: 00:05:14

Health: -4/72      AC: 23    Str: 13    XL:     6   Next: 94%
Gold:   135        EV:  2    Int: 18    God:    Ignis [*****.] SH:  0 Dex:  8

rFire   + . .      SeeInvis .   a - +0 dagger (venom)
rCold   . . .      Faith    .   (no shield)
rNeg    . . .      Spirit   .   (armour currently unavailable)
rPois   ∞          Reflect  .   (helmet currently unavailable)
rElec   .          Harm     .   (cloak currently unavailable)
rCorr   .          Rampage  .   (gloves currently unavailable)
Will    .....      NoTele   +   (boots unavailable)
Stlth   +.........              h - amulet of regeneration
HPRegen 1.02/turn               (no ring)
MPRegen 0.00/turn               (no ring)

@: tree-form
A: stationary, stasis, torment immunity, boosted hp, sickness immunity, (fire
resistance 2), (cold vulnerability 1), float, innate caster, HP casting, extra
vitality 1
a: Renounce Religion, Fiery Armour, Foxfire Swarm


You were on level 4 of the Dungeon.
You worshipped Ignis.
Ignis was extremely pleased with you.
You were a tree.
You visited 1 branch of the dungeon, and saw 4 of its levels.

You collected 135 gold pieces.

Inventory:

Hand Weapons
 a - a +0 dagger of venom (weapon)
Armour
 b - a +0 robe (melded)
Jewellery
 h - an amulet of regeneration (around neck)
Scrolls
 c - a scroll of teleportation {unknown}
 d - a scroll of amnesia {unknown}
 e - a scroll of blinking {unknown}
 f - a scroll of identify {@r1}
 g - 2 scrolls of fog
 k - a scroll of fear {unknown}
Potions
 i - 2 potions of brilliance {unknown}
 j - a potion of lignification
 l - a potion of flight {unknown}


   Skills:
 + Level 4.4 Fighting
 - Level 2.6 Short Blades
 + Level 3.2 Dodging
 * Level 4.2 Spellcasting


You had 8 spell levels left.
You knew the following spells:

 Your Spells              Type           Power      Damage    Failure   Level
a - Shock                 Conj/Air       76%        1d7       2%          1
b - Scorch                Fire           38%        2d7       3%          2
c - Static Discharge      Conj/Air       19%        N/A       3%          2
Your spell library was empty.

Dungeon Overview and Level Annotations

Branches:
Dungeon (3/15)

Altars:

Shops:
D:4 *

Annotations:
D:4 Menkaure


Innate Abilities, Weirdness & Mutations

You are a tree.
Your roots penetrate the ground, keeping you stationary.
You cannot be teleported.
You are immune to unholy pain and torment.
Your maximum health is greatly increased.
Your equipment is partially melded.
You are immune to sickness and miasma.
You are immune to poison.
((Your flesh is very heat resistant. (rF++)))
((You are vulnerable to cold. (rC-)))
You float through the air rather than walking.
You learn spells naturally, not from books.
Your magical power is your life essence.
You have superior vitality. (+4 MHP)


Message History

It is a scroll of identify.
g - 2 scrolls of fog The endoplasm hits you but does no damage.
Menkaure calls on the powers of darkness!
The endoplasm convulses!
Your body is wracked with pain!
Menkaure's bandages flutter.
Menkaure calls on the powers of darkness!
The endoplasm convulses!
Your body is wracked with pain!
* * * LOW HITPOINT WARNING * * *
Okay, then.
It was a potion of lignification.
You turn into a tree.
Your +0 robe melds into your body.
Your roots penetrate the ground.
The endoplasm hits you but does no damage.
Casting: Scorch (safe; 3% risk of failure)
Confirm with . or Enter, or press ? or * to list all spells.
Flames lash the endoplasm.
You kill the endoplasm!
* * * LOW HITPOINT WARNING * * *
Casting: Scorch (safe; 3% risk of failure)
Confirm with . or Enter, or press ? or * to list all spells.
Flames lash the adder skeleton.
The adder skeleton is heavily damaged.
The adder skeleton's fire resistance burns away.
* * * LOW HITPOINT WARNING * * *
The adder skeleton bites you but does no damage.
Casting: Scorch (safe; 3% risk of failure)
Confirm with . or Enter, or press ? or * to list all spells.
Flames lash the adder skeleton.
The adder skeleton is burned terribly!
You destroy the adder skeleton!
* * * LOW HITPOINT WARNING * * *
Menkaure hits you.
* * * LOW HITPOINT WARNING * * *
Casting: Scorch (safe; 3% risk of failure)
Confirm with . or Enter, or press ? or * to list all spells.
Flames lash Menkaure.
Menkaure is burned terribly!
Menkaure is moderately damaged.
Menkaure's fire resistance burns away.
* * * LOW HITPOINT WARNING * * *
Menkaure hits you!
You die...

#...# #.#)# ########## #.#)#
#........# #########
###.#.#####.######.# #........
..........#.#..###.# #........
###..####.#......#.# #........
###..#..#...####.#.# #........
........#.#.#....#.######........
.....#....#.# #.♣#...............
##........#.# #.M#######.........
#.....)..#.# #.g....M##..∩......
##.#.......# #.#####g##......###
...#.###.### #. #.........g###
#####.# ... #. #..........# #.
.#. #. #..#.#.#.#.## #. ### #.
#...........# .. ####.##+##.##


You could see Menkaure (fast, combustible) and a goblin.

Vanquished Creatures
  Jessica (D:2)
  Terence (D:2)
  Natasha (thrice) (D:2)
  12 gnolls
  6 adders
  An adder skeleton (D:4)
  An orc (D:3)
  6 endoplasms
  4 giant cockroaches
  6 goblins
  2 hobgoblins (D:1)
  2 quokkas
  4 ball pythons
  8 bats
  4 frilled lizards
  2 kobolds
  4 rats
67 creatures vanquished.

Vanquished Creatures (others)
  7 foxfires (D:2)
7 creatures vanquished.

Grand Total: 74 creatures vanquished

Notes
Turn   | Place    | Note
-------+----------+-------------------------------------------
     0 | D:1      | freelancePsychic the Djinni Cinder Acolyte began the quest
                  | for the Orb.
     0 | D:1      | Reached XP level 1. HP: 20/20 MP: 0/0
   362 | D:1      | HP: 1/20 [hobgoblin (5)]
   387 | D:1      | Reached XP level 2. HP: 3/25 MP: 0/0
  1078 | D:1      | Found a faded altar of an unknown god.
  1107 | D:1      | Reached skill level 1 in Dodging
  1391 | D:1      | Reached XP level 3. HP: 24/30 MP: 0/0
  1391 | D:1      | Learned a level 1 spell: Shock
  1682 | D:2      | Noticed Terence
  1998 | D:2      | Reached XP level 4. HP: 16/35 MP: 0/0
  2609 | D:2      | Reached XP level 5. HP: 13/41 MP: 0/0
  2609 | D:2      | Learned a level 2 spell: Static Discharge
  2873 | D:2      | Noticed Natasha
  2877 | D:2      | Killed Natasha
  2935 | D:2      | Killed Terence
  3014 | D:2      | Noticed Natasha
  3018 | D:2      | Killed Natasha
  3019 | D:2      | Reached XP level 6. HP: 41/47 MP: 0/0
  3040 | D:2      | Noticed Natasha
  3045 | D:2      | Killed Natasha
  3547 | D:2      | Noticed Jessica
  3553 | D:2      | Killed Jessica
  3735 | D:3      | You are sucked into a shaft and drop 1 floor!
  3827 | D:4      | Found Ldorama's Luxury Loot.
  3833 | D:4      | Noticed Menkaure
  3857 | D:4      | Slain by Menkaure

Illustrated notes

Levels and vault maps discovered:
D:1:      dpeg_arrival_circle_labyrinth_c, layout_loops_ring,
          basic_ecumenical_altar, minmay_strange_pillars,
          minmay_worlds_worst_comb
D:2:      layout_basic, serial_curves, eino_curves_03, eino_curves_01,
          uniq_terence, uniq_natasha, uniq_jessica
D:3:      layout_rooms, amcnicky_mini_pool_small, uniq_crazy_yiuf_cottage,
          uniq_robin
D:4:      layout_basic, kennysheep_cross_room, nicolae_alphabet_shops,
          minmay_misc_feat_doors, uniq_menkaure

Skill      XL: |  1  2  3  4  5  6 |
---------------+-------------------+-----
Dodging        | 1 2 3 |  3.2
Spellcasting   | 3 4 |  4.2
Fighting       | 4 |  4.4
Short Blades   | |  2.6

Action                   |  1- 3 |  4- 6 || total
-------------------------+-------+-------++-------
Melee: Short sword       |    46 |       ||    46
       Punch             |     2 |       ||     2
       Dagger            |       |     2 ||     2
 Cast: Scorch            |    24 |    76 ||   100
       Shock             |     1 |     2 ||     3
       Static Discharge  |       |     1 ||     1
Invok: Foxfire Swarm     |     1 |       ||     1
       Rising Flame      |     1 |       ||     1
  Use: Scroll            |       |     1 ||     1
       Potion            |       |     1 ||     1
Armor: Robe              |     7 |    10 ||    17
       Skin              |       |     2 ||     2
Dodge: Dodged            |    37 |    21 ||    58
